 Dungeon Crawl Stone Soup version 0.30-a0-123-g91d0c66ccf (webtiles) character file.

Game seed: 8337751095485226058

228 enile the Trooper (level 6, -1/43 HPs)
             Began as an Octopode Fire Elementalist on Sept 17, 2022.
             Was a Believer of Dithmenos.
             Killed by nerve-wracking pain
             ... invoked by Grinder
              (11 damage)
             ... while paralysed by Grinder
             ... on level 4 of the Dungeon.
             The game lasted 00:04:11 (3400 turns).

enile the Trooper (Octopode Fire Elementalist)      Turns: 3400, Time: 00:04:12

Health: -1/43      AC:  1    Str:  8    XL:     6   Next: 2%
Magic:  9/11       EV:  2    Int: 19    God:    Dithmenos [**....]
Gold:   181        SH:  0    Dex: 12    Spells: 3/12 levels left

rFire   . . .      SeeInvis .    s - +0 dagger (venom)
rCold   + . .      Faith    .    (no shield)
rNeg    . . .      Spirit   .    (helmet restricted)
rPois   .          Reflect  .    (no amulet)
rElec   .          Harm     .    r - ring of protection from cold
rCorr   .          Rampage  .    (no ring)
Will    .....                    (no ring)
Stlth   ++++......               (no ring)
HPRegen 0.14/turn                (no ring)
MPRegen 0.12/turn                (no ring)
                                 (no ring)
                                 (no ring)

@: paralysed, wreathed by umbra
A: almost no armour, amphibious, 8 rings, camouflage 1, gelatinous body 1,
(nimble swimmer 1), tentacles
a: Renounce Religion, Shadow Step


You were on level 4 of the Dungeon.
You worshipped Dithmenos.
Dithmenos was pleased with you.
You visited 1 branch of the dungeon, and saw 4 of its levels.

You collected 181 gold pieces.

Inventory:

Hand Weapons
 c - a +0 dagger
 q - a +2 mace of holy wrath
 s - a +0 dagger of venom (weapon)
Missiles
 n - 2 javelins
Jewellery
 r - a ring of protection from cold (left tentacle)
Wands
 m - a wand of flame (6)
Scrolls
 f - a scroll of magic mapping
 g - 2 scrolls of teleportation {unknown}
 h - a scroll of amnesia
 j - a scroll of blinking
 l - 2 scrolls of immolation {unknown}
Potions
 a - 3 potions of magic
 b - a potion of heal wounds
 d - 2 potions of might {unknown}
 e - 5 potions of curing {unknown}
 i - 2 potions of lignification {unknown}
 k - a potion of mutation {unknown}
 o - a potion of haste {unknown}
 p - a potion of flight {unknown}
 t - 2 potions of attraction {unknown}


   Skills:
 - Level 4.0 Fighting
 - Level 2.0 Dodging
 - Level 3.0 Stealth
 + Level 3.8 Spellcasting
 - Level 1.0 Conjurations
 - Level 3.0 Fire Magic
 - Level 1.0 Invocations


You had 3 spell levels left.
You knew the following spells:

 Your Spells              Type           Power      Damage    Failure   Level
a - Foxfire               Conj/Fire      44%        2x1d6     6%          1
b - Scorch                Fire           30%        2d7       6%          2
c - Inner Flame           Hex/Fire       9%         N/A       22%         3
d - Kindle Blastsparks    Fire/Tloc/Air  14%        2d11      28%         3

Your spell library contained the following spells:

 Spells                   Type           Power      Damage    Failure   Level
 Flame Wave               Conj/Fire      11%        2d6       52%         4
 Cause Fear               Hex            1%         N/A       80%         4
 Discord                  Hex            1%         N/A       100%        8


Dungeon Overview and Level Annotations

Branches:
Dungeon (4/15)
 Temple: D:4-7

Altars:
Dithmenos

Shops:
D:1 (

Annotations:
D:4 Grinder


Innate Abilities, Weirdness & Mutations

You cannot wear most types of armour.
You are amphibious.
You can wear up to eight rings at the same time.
Your skin changes colour to match your surroundings (Stealth+).
Your rubbery body absorbs attacks. (AC +1, EV +1)
((You are camouflaged when in or above water. (Stealth+)))
You have tentacles for arms and can constrict up to eight enemies at once.


Message History

Casting: Kindle Blastsparks (quite dangerous; 28% risk of failure)
Confirm with . or Enter, or press ? or * to list all spells.
You don't have enough magic to cast this spell.
There is an open door here.
Grinder blinks!
Grinder zaps a wand.
The puff of flame hits you!
Okay, then.
Okay, then.
Okay, then.
Hit: s) +0 dagger (venom)
Press: ? - help, Dir - move target, f - you
Okay, then.
Okay, then.
Grinder zaps a wand.
The puff of flame hits you! Grinder attacks as you move away!
Grinder closely misses you. Grinder attacks as you move away!
Grinder barely misses you.
You feel much better. Grinder misses you.
Casting: Kindle Blastsparks (quite dangerous; 28% risk of failure)
Confirm with . or Enter, or press ? or * to list all spells.
Okay, then.
Casting: Kindle Blastsparks (quite dangerous; 28% risk of failure)
Confirm with . or Enter, or press ? or * to list all spells.
Flames lash Grinder.
Grinder is heavily wounded.
Grinder's fire resistance burns away.
Grinder gestures at you. You resist with significant effort. Grinder hits you!
You writhe in agony.
Magic courses through your body. Grinder hits you!
You writhe in agony.
Casting: Scorch (safe; 6% risk of failure)
Confirm with . or Enter, or press ? or * to list all spells.
Flames lash Grinder.
Grinder is burned terribly!
Grinder is severely wounded.
Grinder zaps a wand.
The puff of flame hits you!
* * * LOW HITPOINT WARNING * * *
Grinder gestures at you.
You suddenly lose the ability to move!
Grinder gestures at you. Pain shoots through your body!
You die...

###### #....##########
#....#...+....
#....#...#...
#######†...#..##..#
#......#'###..##..##
#......#..##..##...# .
#......#...5@......+
.####......#..##......##
#....#######..##..##..#
#....# +..######..##
#....# #...#<......#
#....###########.......#
#............ #####..##
###'#........ #..#
..§.'........ #..#


You could see Grinder (combustible).

Vanquished Creatures
  Natasha (D:4)
  4 iguanas
  5 adders
  A worm (D:2)
  3 dart slugs (D:2)
  An orc (D:3)
  4 ball pythons
  5 endoplasms
  4 giant cockroaches
  3 goblins
  3 hobgoblins
  5 kobolds
  6 bats
  3 frilled lizards
  3 rats (D:2)
51 creatures vanquished.

Vanquished Creatures (others)
  117 foxfires
117 creatures vanquished.

Grand Total: 168 creatures vanquished

Notes
Turn   | Place    | Note
-------+----------+-------------------------------------------
     0 | D:1      | enile the Octopode Fire Elementalist began the quest for
                  | the Orb.
     0 | D:1      | Reached XP level 1. HP: 11/11 MP: 3/3
   135 | D:1      | Reached skill level 1 in Fighting
   229 | D:1      | Reached XP level 2. HP: 18/18 MP: 1/5
   403 | D:1      | Found a faded altar of an unknown god.
   411 | D:1      | Learned a level 2 spell: Scorch
   417 | D:1      | Prayed at the altar of an unknown god.
   417 | D:1      | Became a worshipper of Dithmenos the Shadowed
   417 | D:1      | Reached * piety under Dithmenos
   512 | D:1      | Reached skill level 2 in Fighting
   643 | D:1      | Found Kacwuel's Antique Weapon Emporium.
   647 | D:1      | Reached skill level 1 in Invocations
   979 | D:2      | Reached XP level 3. HP: 24/24 MP: 3/6
  1605 | D:2      | Reached skill level 3 in Fighting
  1605 | D:2      | Reached XP level 4. HP: 31/31 MP: 3/7
  2447 | D:3      | Learned a level 3 spell: Inner Flame
  3015 | D:3      | Reached ** piety under Dithmenos
  3016 | D:3      | Reached skill level 4 in Fighting
  3016 | D:3      | Reached XP level 5. HP: 25/37 MP: 5/8
  3145 | D:4      | Noticed Natasha
  3219 | D:4      | HP: 1/37 [Natasha/bolt of light (22)]
  3223 | D:4      | Killed Natasha
  3360 | D:4      | Learned a level 3 spell: Kindle Blastsparks
  3362 | D:4      | Noticed Grinder
  3368 | D:4      | Reached XP level 6. HP: 43/43 MP: 1/11
  3399 | D:4      | Paralysed by Grinder for 4 turns
  3400 | D:4      | Killed from afar by Grinder

Illustrated notes

Levels and vault maps discovered:
D:1:      ncdulo_smallfort, layout_basic, serial_shops, nicolae_lakefront_shop,
          basic_ecumenical_altar
D:2:      layout_rooms, chequers_mini_garden, chequers_serial_rivers_marsh,
          minmay_heptomino_h4
D:3:      layout_basic
D:4:      layout_gridville, overflow_temple_1_default, uniq_grinder,
          uniq_natasha

Skill      XL: |  1  2  3  4  5 |
---------------+----------------+-----
Fighting       | 1 2 3 4 |  4.0
Invocations    | 1 |  1.0
Stealth        | 3 |  3.0
Spellcasting   | 3 |  3.8
Dodging        | |  2.0
Conjurations   | |  1.0
Fire Magic     | |  3.0

Action                   |  1- 3 |  4- 6 || total
-------------------------+-------+-------++-------
Melee: Unarmed           |     4 |       ||     4
       Constrict         |     5 |     3 ||     8
       Tentacles         |     5 |     3 ||     8
       Dagger            |    15 |    11 ||    26
 Cast: Foxfire           |    41 |    24 ||    65
       Scorch            |     5 |    12 ||    17
       Inner Flame       |       |     2 ||     2
       Kindle Blastspark |       |     2 ||     2
  Use: Scroll            |       |     3 ||     3
       Potion            |       |     3 ||     3
 Stab: Sleeping          |     5 |     1 ||     6
Armor: Skin              |     1 |     1 ||     2
Dodge: Dodged            |    16 |    16 ||    32

Table legend: (Time is in decaauts)
 A = Elapsed time spent in this place.
 B = Non-inter-level travel time spent in this place.
 C = Inter-level travel time spent in this place.
 D = Time resting spent in this place.
 E = Time spent auto-exploring this place.
 F = Levels seen in this place.
 G = Mean time per level.
                   A        B        C        D        E       F      G
               +--------+--------+--------+--------+--------+-----+--------+
         Total |   3407 |   3299 |    108 |      0 |   2867 |   4 |  851.8 |
       Dungeon |   3407 |   3299 |    108 |      0 |   2867 |   4 |  851.8 |
               +--------+--------+--------+--------+--------+-----+--------+

Top non-repeatable levels by time:
     D:2: 1194 daAuts
     D:3: 988 daAuts
     D:1: 931 daAuts
     D:4: 293 daAuts
